[Event "EUCC Open Blitz 2024"]
[Site "Miskolc"]
[Date "2024.07.13"]
[Round "2.9"]
[White "Jellema, Pieter"]
[Black "Muha, Miljenko"]
[Result "0-1"]
[ECO "D02"]
[WhiteElo "2006"]
[BlackElo "2245"]
[PlyCount "114"]
[EventDate "2024.07.08"]
[EventType "team-tourn"]
[EventCountry "HUN"]
[TimeControl "1500+10"]

1. d4 d5 2. Nf3 Nf6 3. Bf4 e6 4. e3 Bd6 5. Nbd2 c5 6. Bg3 O-O 7. c3 b6 8. Ne5 Bb7 9. Bd3 Qc7 10. O-O Ne4 11. Nxe4 dxe4 12. Bc2 f6 13. Nc4 Bxg3 14. hxg3 Nd7 15. Nd2 f5 16. g4 Kh8 17. a4 Rad8 18. g5 e5 19. Qh5 exd4 20. exd4 cxd4 21. Rfe1 d3 22. Bb3 Ne5 23. Re3 g6 24. Qh4 Qe7 25. a5 h5 26. axb6 axb6 27. Qf4 Nf7 28. Ra7 Qd6 29. Qh4 Rd7 30. Bd1 Ra8 31. Rxa8+ Bxa8 32. Bxh5 gxh5 33. Qxh5+ Kg8 34. g6 Ne5 35. Rh3 Nxg6 36. Rg3 Rg7 37. Nc4 Qf6 38. Rg5 Ne7 39. Rxg7+ Kxg7 40. Ne3 Bc6 41. Qh3 Bd7 42. Qh5 Qg6 43. Qh2 Qf6 44. Qg3+ Kf7 45. Qc7 Qc6 46. Qd8 b5 47. Qh8 Qf6 48. Qh7+ Qg7 49. Qh5+ Qg6 50. Qh2 Qg5 51. Qd6 f4 52. Nf1 Be6 53. Qb6 Qd5 54. Nd2 Qc6 55. Qb8 e3 56. Qxf4+ Nf5 57. fxe3 Ke7 0-1

[Event "EUCC Open Blitz 2024"]
[Site "Miskolc"]
[Date "2024.07.13"]
[Round "2.10"]
[White "Pavic, Filip"]
[Black "Broersma, Sven"]
[Result "1-0"]
[ECO "B51"]
[WhiteElo "2248"]
[BlackElo "1945"]
[PlyCount "51"]
[EventDate "2024.07.08"]
[EventType "team-tourn"]
[EventCountry "HUN"]
[TimeControl "1500+10"]

1. e4 c5 2. Nf3 d6 3. Bb5+ Nc6 4. O-O Bd7 5. c3 a6 6. Ba4 Nf6 7. Re1 b5 8. Bc2 Bg4 9. h3 Bxf3 10. Qxf3 g6 11. d3 Bg7 12. Bg5 O-O 13. Nd2 a5 14. a4 b4 15. Be3 Qc7 16. Bb3 Rab8 17. d4 bxc3 18. bxc3 cxd4 19. cxd4 Nb4 20. Rac1 Qd7 21. Qe2 Rfc8 22. Bg5 Qa7 23. e5 Nd7 24. e6 fxe6 25. Qxe6+ Kh8 26. Qxe7 1-0

[Event "EUCC Open Blitz 2024"]
[Site "Miskolc"]
[Date "2024.07.13"]
[Round "2.11"]
[White "Veiga, Jose Francisco R P N"]
[Black "Pribelszky, Bence"]
[Result "1-0"]
[ECO "B40"]
[WhiteElo "2385"]
[BlackElo "2363"]
[PlyCount "49"]
[EventDate "2024.07.08"]
[EventType "team-tourn"]
[EventCountry "HUN"]
[TimeControl "1500+10"]

1. e4 c5 2. Nf3 e6 3. c3 d5 4. exd5 exd5 5. Bb5+ Bd7 6. Qe2+ Be7 7. O-O c4 8. Na3 a6 9. Bxd7+ Qxd7 10. Nc2 Nf6 11. Re1 Ne4 12. Ne5 Qc7 13. Nxc4 O-O 14. N4e3 Nf6 15. Nf5 Bc5 16. d4 Bb6 17. Bg5 Nbd7 18. Nb4 Rae8 19. Qf3 Ba5 20. Nxd5 Nxd5 21. Qxd5 Rxe1+ 22. Rxe1 Bb6 23. Be7 Re8 24. Nd6 Rxe7 25. Rxe7 1-0

[Event "EUCC Open Blitz 2024"]
[Site "Miskolc"]
[Date "2024.07.13"]
[Round "2.13"]
[White "Gatineau, Yovann"]
[Black "Budak, Rewi"]
[Result "1-0"]
[ECO "D33"]
[WhiteElo "2414"]
[BlackElo "2100"]
[PlyCount "59"]
[EventDate "2024.07.08"]
[EventType "team-tourn"]
[EventCountry "HUN"]
[TimeControl "1500+10"]

1. Nf3 c5 2. c4 Nf6 3. Nc3 e6 4. g3 d5 5. cxd5 exd5 6. d4 Nc6 7. Bg2 c4 8. O-O h6 9. Ne5 Be6 10. e4 dxe4 11. Nxc6 bxc6 12. Nxe4 Nxe4 13. Bxe4 Bd5 14. Re1 Be7 15. Qe2 Rb8 16. Qg4 Kf8 17. b3 h5 18. Qf3 Kg8 19. bxc4 Bxc4 20. Bf4 Rc8 21. Bxc6 Bf6 22. Re8+ Qxe8 23. Bxe8 Rxe8 24. Rc1 Be6 25. Be5 Bg5 26. Rc7 Kh7 27. d5 Bg4 28. Qxf7 Rhg8 29. Bxg7 Re1+ 30. Kg2 1-0

[Event "EUCC Open Blitz 2024"]
[Site "Miskolc"]
[Date "2024.07.13"]
[Round "2.14"]
[White "Delpech, Anthony"]
[Black "Houhou, Alexandre"]
[Result "1/2-1/2"]
[ECO "C02"]
[WhiteElo "1877"]
[BlackElo "2148"]
[PlyCount "47"]
[EventDate "2024.07.08"]
[EventType "team-tourn"]
[EventCountry "HUN"]
[TimeControl "1500+10"]

1. e4 e6 2. d4 d5 3. e5 c5 4. c3 Nc6 5. Nf3 Qb6 6. a3 c4 7. Nbd2 Na5 8. Rb1 Bd7 9. b4 cxb3 10. Nxb3 Ba4 11. Nxa5 Qxa5 12. Qd3 a6 13. Rxb7 Rc8 14. Bd2 Bb5 15. Rxb5 axb5 16. Qxb5+ Qxb5 17. Bxb5+ Kd8 18. a4 Ba3 19. Ng5 Nh6 20. O-O Bb2 21. c4 dxc4 22. Ba5+ Ke7 23. Bb4+ Kd8 24. Ba5+ 1/2-1/2

[Event "EUCC Open Blitz 2024"]
[Site "Miskolc"]
[Date "2024.07.13"]
[Round "2.15"]
[White "Medve, Mark"]
[Black "Farkas, Richard"]
[Result "1/2-1/2"]
[ECO "E94"]
[WhiteElo "2123"]
[BlackElo "2233"]
[PlyCount "69"]
[EventDate "2024.07.08"]
[EventType "team-tourn"]
[EventCountry "HUN"]
[TimeControl "1500+10"]

1. d4 Nf6 2. c4 d6 3. Nf3 Nbd7 4. Nc3 e5 5. e4 g6 6. Be2 Bg7 7. O-O O-O 8. Qc2 exd4 9. Nxd4 Re8 10. Be3 c6 11. Rad1 Qc7 12. Rfe1 a6 13. a3 b5 14. cxb5 cxb5 15. Rc1 Bb7 16. f3 d5 17. Nxd5 Qxc2 18. Nxf6+ Nxf6 19. Rxc2 Nd5 20. Bf2 Nf4 21. Bf1 Rad8 22. Rd1 Rd7 23. Rcd2 Rc7 24. g3 Ne6 25. Nxe6 fxe6 26. Rd8 Kf7 27. Rxe8 Kxe8 28. Rd2 Rc1 29. Kg2 Rb1 30. b4 Ra1 31. Rc2 Kd7 32. Rd2+ Kc7 33. Rc2+ Kd7 34. Rd2+ Kc7 35. Rc2+ 1/2-1/2

[Event "EUCC Open Blitz 2024"]
[Site "Miskolc"]
[Date "2024.07.13"]
[Round "2.16"]
[White "Bartok, David Dominik"]
[Black "Kovacs, Gabor Etele"]
[Result "0-1"]
[ECO "C69"]
[WhiteElo "1958"]
[BlackElo "2109"]
[PlyCount "56"]
[EventDate "2024.07.08"]
[EventType "team-tourn"]
[EventCountry "HUN"]
[TimeControl "1500+10"]

1. e4 e5 2. Nf3 Nc6 3. Bb5 a6 4. Bxc6 dxc6 5. O-O Bg4 6. h3 h5 7. d3 Qf6 8. Nbd2 g5 9. Re1 Be6 10. Nf1 g4 11. hxg4 hxg4 12. N3h2 Qh4 13. d4 O-O-O 14. c3 exd4 15. cxd4 Bd6 16. e5 Bc5 17. Bf4 Bxd4 18. Qe2 Ne7 19. Bg3 Qh5 20. Rad1 Nf5 21. Qxg4 Qxg4 22. Nxg4 Nxg3 23. Nxg3 Bxg4 24. Rd2 c5 25. Re4 Be6 26. b4 Rhg8 27. bxc5 Bxc5 28. Kf1 Rxd2 0-1

[Event "EUCC Open Blitz 2024"]
[Site "Miskolc"]
[Date "2024.07.13"]
[Round "3.1"]
[White "Manafov, Vugar"]
[Black "Isik, Alparslan"]
[Result "1-0"]
[ECO "A05"]
[WhiteElo "2430"]
[BlackElo "2469"]
[PlyCount "65"]
[EventDate "2024.07.08"]
[EventType "team-tourn"]
[EventCountry "HUN"]
[TimeControl "1500+10"]

1. Nf3 Nf6 2. g3 g6 3. Bg2 Bg7 4. d4 d5 5. c4 c6 6. Qb3 O-O 7. O-O Qb6 8. Nc3 dxc4 9. Qxc4 Be6 10. Qa4 Na6 11. Rd1 Rfd8 12. Qa3 c5 13. Be3 Qb4 14. Qxb4 Nxb4 15. Ng5 Bd5 16. dxc5 h6 17. Nxd5 Nfxd5 18. Bxd5 Nxd5 19. Ne4 f5 20. Nc3 Bxc3 21. bxc3 Nxe3 22. fxe3 Rac8 23. Rxd8+ Rxd8 24. Rb1 Rd7 25. Kf2 Kf7 26. e4 e5 27. Ke3 Ke6 28. Rb5 Rc7 29. Kd3 Rd7+ 30. Ke3 Rc7 31. a3 h5 32. h4 Rf7 33. Ra5 1-0

[Event "EUCC Open Blitz 2024"]
[Site "Miskolc"]
[Date "2024.07.13"]
[Round "3.2"]
[White "Kamer, Kayra"]
[Black "Atakishiyev, Elmar"]
[Result "0-1"]
[ECO "A15"]
[WhiteElo "2316"]
[BlackElo "2356"]
[PlyCount "80"]
[EventDate "2024.07.08"]
[EventType "team-tourn"]
[EventCountry "HUN"]
[TimeControl "1500+10"]

1. c4 Nf6 2. a3 g6 3. b4 Bg7 4. Bb2 O-O 5. e3 c6 6. Nf3 d5 7. Be2 Bg4 8. cxd5 cxd5 9. O-O Nbd7 10. Ne5 Bxe2 11. Qxe2 Ne4 12. f4 Rc8 13. d3 Nd6 14. Nxd7 Bxb2 15. Qxb2 Qxd7 16. Nd2 Nf5 17. Rfe1 Rc7 18. Nb3 Rfc8 19. Nc5 Qd6 20. e4 dxe4 21. dxe4 Qd4+ 22. Qf2 Qxf2+ 23. Kxf2 Nd6 24. e5 Nb5 25. a4 Nd4 26. Rad1 Nc2 27. Re4 b6 28. Na6 Rc4 29. Rxc4 Rxc4 30. Rd7 Nxb4 31. Nxb4 Rxf4+ 32. Ke3 Rxb4 33. Rxa7 e6 34. h3 Kg7 35. Kd3 g5 36. Ke3 Kg6 37. g4 Rb3+ 38. Ke4 Rxh3 39. Ra8 Rg3 40. Rg8+ Kh6 0-1

[Event "EUCC Open Blitz 2024"]
[Site "Miskolc"]
[Date "2024.07.13"]
[Round "3.3"]
[White "Vardanyan, Aras"]
[Black "Kruckenhauser, Arthur"]
[Result "1-0"]
[ECO "A04"]
[WhiteElo "2312"]
[BlackElo "2340"]
[PlyCount "77"]
[EventDate "2024.07.08"]
[EventType "team-tourn"]
[EventCountry "HUN"]
[TimeControl "1500+10"]

1. Nf3 c5 2. g3 Nc6 3. Bg2 g6 4. O-O Bg7 5. c4 e5 6. Nc3 Nge7 7. d3 d6 8. a3 a5 9. Bg5 f6 10. Bd2 Be6 11. Rb1 O-O 12. Qc1 Rc8 13. Na4 Bd7 14. Nc3 Be6 15. Na4 Bd7 16. b3 f5 17. Bg5 Bf6 18. Bxf6 Rxf6 19. Ne1 Nd4 20. Qd1 b5 21. cxb5 Nxb5 22. Nc2 Be6 23. Qd2 d5 24. b4 axb4 25. axb4 c4 26. Nc5 c3 27. Qg5 Kg7 28. Ra1 h6 29. Qe3 d4 30. Qxe5 Bf7 31. Ra6 Nd5 32. Bxd5 Bxd5 33. Rxf6 Qxf6 34. Qxd5 Kh8 35. Ra1 Re8 36. Ra8 Qf8 37. Ne6 Qg8 38. Qe5+ Kh7 39. Rxe8 1-0

[Event "EUCC Open Blitz 2024"]
[Site "Miskolc"]
[Date "2024.07.13"]
[Round "3.4"]
[White "Leisch, Lukas"]
[Black "Stauskas, Lukas"]
[Result "1-0"]
[ECO "D01"]
[WhiteElo "2394"]
[BlackElo "2362"]
[PlyCount "75"]
[EventDate "2024.07.08"]
[EventType "team-tourn"]
[EventCountry "HUN"]
[TimeControl "1500+10"]

1. d4 Nf6 2. Nc3 d5 3. Bf4 e6 4. Nb5 Na6 5. e3 Be7 6. Nf3 O-O 7. h4 c6 8. Nc3 c5 9. h5 Bd7 10. h6 g6 11. Ne5 Be8 12. a3 Nb8 13. Qf3 Nc6 14. Nxc6 bxc6 15. Be5 cxd4 16. exd4 Nd7 17. Bg7 Qb6 18. Nd1 c5 19. dxc5 Nxc5 20. Be2 Ne4 21. O-O Nd2 22. Qc3 Nxf1 23. Bxf1 Bb5 24. Bd4 Qc6 25. Bxb5 Qxb5 26. Bc5 f6 27. Bxe7 Rf7 28. Bxf6 Raf8 29. Bg7 Re8 30. Ne3 Qe2 31. Rf1 Qh5 32. Qe5 Qxe5 33. Bxe5 Rb7 34. Ng4 Kf7 35. Nf6 Rc8 36. Nxh7 Rxc2 37. Ng5+ Kg8 38. h7+ 1-0

[Event "EUCC Open Blitz 2024"]
[Site "Miskolc"]
[Date "2024.07.13"]
[Round "3.5"]
[White "Muha, Miljenko"]
[Black "Papp, Levente"]
[Result "0-1"]
[ECO "D31"]
[WhiteElo "2245"]
[BlackElo "2359"]
[PlyCount "144"]
[EventDate "2024.07.08"]
[EventType "team-tourn"]
[EventCountry "HUN"]
[TimeControl "1500+10"]

1. c4 e6 2. d4 d5 3. Nc3 Bb4 4. e3 Nf6 5. Bd2 O-O 6. Rc1 b6 7. cxd5 exd5 8. Bd3 Bb7 9. Nf3 Nbd7 10. Nb5 Bxd2+ 11. Qxd2 c5 12. dxc5 bxc5 13. Nd6 Bc6 14. O-O Qb6 15. Nf5 Rfe8 16. b3 d4 17. exd4 Bxf3 18. gxf3 cxd4 19. Qg5 g6 20. Nh6+ Kf8 21. Rfe1 Qb4 22. Rxe8+ Rxe8 23. Bc4 Rc8 24. Rd1 Rxc4 25. bxc4 Qxc4 26. Qd2 Ne5 27. Kg2 Qc6 28. Qe2 Qd5 29. h3 Nh5 30. Qe4 Qe6 31. Ng4 Nc6 32. Qxe6 fxe6 33. Rc1 Nb4 34. Rc7 d3 35. Rd7 Nd5 36. Ne3 Nhf4+ 37. Kf1 d2 38. Nd1 h5 39. Rxa7 Nxh3 40. Ke2 Nhf4+ 41. Kxd2 h4 42. Rh7 h3 43. Ne3 Kg8 44. Rh4 g5 45. Rh6 Kg7 46. Rxh3 Nxh3 47. Nxd5 exd5 48. a4 Nf4 49. a5 Ne6 50. a6 Nc7 51. a7 Kf6 52. Ke3 Ke5 53. Kd3 Kf4 54. Kd4 Kxf3 55. Kc5 Kxf2 56. Kc6 Na8 57. Kb7 d4 58. Kxa8 d3 59. Kb8 d2 60. a8=Q d1=Q 61. Qa7+ Kg3 62. Qc7+ Kg4 63. Qc4+ Kh3 64. Qc3+ Kh4 65. Qh8+ Kg3 66. Qe5+ Kg4 67. Qe6+ Kh4 68. Qe4+ g4 69. Qh7+ Kg3 70. Qc7+ Kg2 71. Qc6+ Qf3 72. Qc2+ Kg3 0-1

[Event "EUCC Open Blitz 2024"]
[Site "Miskolc"]
[Date "2024.07.13"]
[Round "3.6"]
[White "Fodor, Balazs"]
[Black "Pavic, Filip"]
[Result "0-1"]
[ECO "A05"]
[WhiteElo "2247"]
[BlackElo "2248"]
[PlyCount "104"]
[EventDate "2024.07.08"]
[EventType "team-tourn"]
[EventCountry "HUN"]
[TimeControl "1500+10"]

1. Nf3 Nf6 2. e3 c5 3. c4 Nc6 4. Nc3 e6 5. b3 g6 6. Bb2 Bg7 7. Rc1 O-O 8. Be2 b6 9. O-O Bb7 10. d4 d6 11. d5 exd5 12. cxd5 Nb8 13. Ne1 a6 14. Bf3 b5 15. g3 Nbd7 16. Bg2 Nb6 17. e4 Nfd7 18. Qc2 Re8 19. Nd3 Rc8 20. Qb1 Ne5 21. Nxe5 Bxe5 22. Nd1 c4 23. Bxe5 Rxe5 24. Ne3 c3 25. a3 a5 26. f4 Re8 27. f5 b4 28. axb4 axb4 29. Qc2 Nd7 30. Ng4 Qg5 31. Qe2 Bxd5 32. h4 Qd8 33. Qe3 Bxb3 34. Qh6 Qe7 35. Rb1 Bc4 36. Rf2 b3 37. Qc1 c2 38. Rb2 h5 39. Ne3 Ne5 40. Nxc4 Rxc4 41. Rxb3 Rec8 42. f6 Qf8 43. Bf1 Rc3 44. Rxc3 Rxc3 45. Rxc2 Rxg3+ 46. Rg2 Rxg2+ 47. Bxg2 Qd8 48. Qg5 Ng4 49. Qb5 Qxf6 50. Qe8+ Kg7 51. Qa4 Qf2+ 52. Kh1 Qe1+ 0-1

[Event "EUCC Open Blitz 2024"]
[Site "Miskolc"]
[Date "2024.07.13"]
[Round "3.7"]
[White "Veiga, Jose Francisco R P N"]
[Black "Gharibyan, Mamikon"]
[Result "0-1"]
[ECO "C54"]
[WhiteElo "2385"]
[BlackElo "2492"]
[PlyCount "69"]
[EventDate "2024.07.08"]
[EventType "team-tourn"]
[EventCountry "HUN"]
[TimeControl "1500+10"]

1. e4 e5 2. Nf3 Nc6 3. Bc4 Bc5 4. c3 Nf6 5. d3 d6 6. O-O a5 7. Re1 Ba7 8. Bb3 O-O 9. h3 Ne7 10. Nbd2 Ng6 11. Nf1 Re8 12. Ng3 c6 13. d4 Be6 14. Be3 Bxb3 15. axb3 Qc7 16. Qc2 h6 17. dxe5 dxe5 18. Bxa7 Rxa7 19. Red1 Raa8 20. Rd2 Rad8 21. Rad1 Qb6 22. Rxd8 Rxd8 23. Nd2 Qc7 24. Nc4 b5 25. Ne3 Nf4 26. Ngf5 h5 27. Kh2 g6 28. Ng3 Kg7 29. Ne2 Nxe2 30. Qxe2 Nxe4 31. Rxd8 Qxd8 32. Nc4 bxc4 33. Qxe4 cxb3 34. Qxe5+ Qf6 35. Qxa5 0-1

[Event "EUCC Open Blitz 2024"]
[Site "Miskolc"]
[Date "2024.07.13"]
[Round "3.8"]
[White "Manukyan, Artyom"]
[Black "Ribeiro, Rodrigo"]
[Result "1-0"]
[ECO "B23"]
[WhiteElo "2155"]
[BlackElo "2181"]
[PlyCount "55"]
[EventDate "2024.07.08"]
[EventType "team-tourn"]
[EventCountry "HUN"]
[TimeControl "1500+10"]

1. e4 c5 2. Nc3 e6 3. Nge2 a6 4. g3 b5 5. d3 Bb7 6. Bg2 Qc7 7. O-O Nf6 8. f4 Be7 9. h3 d6 10. Be3 Nc6 11. Qd2 O-O 12. g4 Rad8 13. g5 Nd7 14. f5 exf5 15. Nd5 Qc8 16. exf5 f6 17. g6 Rfe8 18. Nef4 Nf8 19. Qf2 Qxf5 20. gxh7+ Nxh7 21. h4 Ne5 22. Bh3 Ng4 23. Qg3 Bxd5 24. Bxg4 Qe5 25. Rae1 Qxb2 26. Nxd5 Qxa2 27. Be6+ Kh8 28. Nf4 1-0

[Event "EUCC Open Blitz 2024"]
[Site "Miskolc"]
[Date "2024.07.13"]
[Round "3.9"]
[White "Gatineau, Yovann"]
[Black "Safar, Sandro"]
[Result "1-0"]
[ECO "A96"]
[WhiteElo "2414"]
[BlackElo "2220"]
[PlyCount "74"]
[EventDate "2024.07.08"]
[EventType "team-tourn"]
[EventCountry "HUN"]
[TimeControl "1500+10"]

1. d4 f5 2. g3 Nf6 3. Bg2 d6 4. Nf3 e6 5. O-O Be7 6. c4 O-O 7. Nc3 Ne4 8. Bd2 Qe8 9. Qc2 Nxd2 10. Qxd2 Qf7 11. Rfe1 f4 12. b4 a5 13. b5 Nd7 14. Rad1 Nb6 15. Qd3 fxg3 16. fxg3 e5 17. dxe5 Qxc4 18. Qxc4+ Nxc4 19. Nd5 Bd8 20. Rc1 c6 21. bxc6 bxc6 22. Rxc4 cxd5 23. Rcc1 Bb6+ 24. Kh1 Be3 25. Rcd1 dxe5 26. Nxe5 Bb7 27. Bxd5+ Bxd5+ 28. Rxd5 Rfd8 29. Red1 Rxd5 30. Rxd5 h6 31. Kg2 Bg5 32. h4 Bf6 33. Ng6 Kf7 34. h5 Ke6 35. Rb5 a4 36. Kf3 Rc8 37. Ra5 Rc4 1-0

[Event "EUCC Open Blitz 2024"]
[Site "Miskolc"]
[Date "2024.07.13"]
[Round "3.10"]
[White "Tomulic, Teo"]
[Black "Houhou, Alexandre"]
[Result "0-1"]
[ECO "C00"]
[WhiteElo "2346"]
[BlackElo "2148"]
[PlyCount "101"]
[EventDate "2024.07.08"]
[EventType "team-tourn"]
[EventCountry "HUN"]
[TimeControl "1500+10"]

1. e4 e6 2. d4 d5 3. Bd3 dxe4 4. Bxe4 Nf6 5. Bf3 c5 6. Ne2 Nbd7 7. Nbc3 a6 8. Be3 cxd4 9. Nxd4 Ne5 10. Be2 Bb4 11. O-O O-O 12. Bg5 h6 13. Bh4 Ng6 14. Bg3 Bxc3 15. bxc3 Ne4 16. Bf3 Nxc3 17. Qd3 Nd5 18. Rad1 Qf6 19. c4 Ndf4 20. Qe3 e5 21. Nc2 Be6 22. Bxb7 Bxc4 23. Rfe1 Rab8 24. Be4 Bxa2 25. Qa3 Bc4 26. Ne3 Bb5 27. Nf5 Rfd8 28. Kh1 Rxd1 29. Rxd1 Rd8 30. Re1 Nd3 31. Rb1 Ndf4 32. h4 h5 33. Qf3 Be2 34. Qe3 Bd3 35. Rb6 Bxe4 36. Rxf6 Rd1+ 37. Kh2 Bxg2 38. Bxf4 Nxf4 39. Qxf4 exf4 40. Rxa6 f3 41. Ne3 Rh1+ 42. Kg3 Rh3+ 43. Kf4 Rxh4+ 44. Kg5 Rh1 45. Nd5 Rg1 46. Kxh5 Bf1 47. Ra7 Kh7 48. Rxf7 Bd3 49. Rxf3 Be2 50. Kh4 Bxf3 51. Nf4 0-1

[Event "EUCC Open Blitz 2024"]
[Site "Miskolc"]
[Date "2024.07.13"]
[Round "3.11"]
[White "Pribelszky, Bence"]
[Black "Medve, Mark"]
[Result "0-1"]
[ECO "A01"]
[WhiteElo "2363"]
[BlackElo "2123"]
[PlyCount "82"]
[EventDate "2024.07.08"]
[EventType "team-tourn"]
[EventCountry "HUN"]
[TimeControl "1500+10"]

1. b3 e5 2. Bb2 Nc6 3. e3 Nf6 4. Bb5 Bd6 5. Na3 Na5 6. Be2 a6 7. c4 Nc6 8. Nc2 O-O 9. Nf3 Re8 10. O-O Bf8 11. d4 e4 12. Nd2 d5 13. Ba3 Bxa3 14. Nxa3 Qe7 15. Nc2 Bf5 16. Rc1 Rad8 17. h3 Qe6 18. b4 h6 19. a4 Ne7 20. f3 exf3 21. Rxf3 Ne4 22. Nxe4 Bxe4 23. Rg3 Qd6 24. Qe1 Nf5 25. Rg4 Bxc2 26. Rxc2 Nxe3 27. Rc3 Nxg4 28. hxg4 dxc4 29. Kf1 Qxd4 30. Rf3 Qxg4 31. Rxf7 Qxe2+ 32. Qxe2 Rxe2 33. Rxc7 Rdd2 34. Rc8+ Kh7 35. Rxc4 Rf2+ 36. Ke1 Rde2+ 37. Kd1 Ra2 38. Ke1 Rxg2 39. Kf1 Rgf2+ 40. Kg1 Rfb2 41. Rc1 Rxb4 0-1

[Event "EUCC Open Blitz 2024"]
[Site "Miskolc"]
[Date "2024.07.13"]
[Round "3.12"]
[White "Kovacs, Gabor Etele"]
[Black "Vodila, Martin Botond"]
[Result "0-1"]
[ECO "B01"]
[WhiteElo "2109"]
[BlackElo "2236"]
[PlyCount "136"]
[EventDate "2024.07.08"]
[EventType "team-tourn"]
[EventCountry "HUN"]
[TimeControl "1500+10"]

1. e4 d5 2. exd5 Nf6 3. d4 Nxd5 4. c4 Nf6 5. Nc3 c6 6. Nf3 Bg4 7. Be3 e6 8. h3 Bh5 9. g4 Bg6 10. Bg2 Bb4 11. O-O O-O 12. Ne5 Nbd7 13. Nxg6 hxg6 14. Qf3 Nb6 15. Qe2 Qc7 16. Rfd1 Rfd8 17. Bg5 Rd7 18. Bxf6 gxf6 19. Ne4 Be7 20. b3 Qf4 21. Qe3 Qxe3 22. fxe3 Rad8 23. Rf1 f5 24. Ng3 fxg4 25. hxg4 c5 26. Ne2 Bg5 27. Kf2 Nc8 28. d5 exd5 29. Bxd5 Ne7 30. e4 Kg7 31. Kg2 Nc6 32. Rad1 Ne5 33. Kg3 b6 34. Nc3 Rh8 35. Rh1 Rdd8 36. Nb5 Rd7 37. Rxh8 Kxh8 38. a4 Kg7 39. Rf1 Bd2 40. Rd1 Bg5 41. Rf1 Bd2 42. Rd1 Bb4 43. Rf1 a6 44. Kf4 f6 45. g5 axb5 46. axb5 Bd2+ 47. Kg3 Bxg5 48. Ra1 Bd2 49. Ra8 f5 50. exf5 gxf5 51. Rb8 f4+ 52. Kf2 Be3+ 53. Kf1 Rd6 54. Rg8+ Kf6 55. Rf8+ Kg5 56. Ke2 Bc1 57. Be4 Rf6 58. Rg8+ Kh6 59. Re8 Bb2 60. Rh8+ Kg7 61. Rb8 f3+ 62. Kf1 Bd4 63. Bd5 f2 64. Rg8+ Kh6 65. Rh8+ Kg5 66. Rg8+ Rg6 67. Rf8 Kh6 68. Rf4 Rg1+ 0-1

[Event "EUCC Open Blitz 2024"]
[Site "Miskolc"]
[Date "2024.07.13"]
[Round "3.13"]
[White "Spanjer, Joris"]
[Black "Schiopu, Andreea-Alexandra"]
[Result "1/2-1/2"]
[ECO "D30"]
[WhiteElo "1855"]
[BlackElo "1829"]
[PlyCount "133"]
[EventDate "2024.07.08"]
[EventType "team-tourn"]
[EventCountry "HUN"]
[TimeControl "1500+10"]

1. d4 d5 2. c4 e6 3. Nf3 c5 4. cxd5 exd5 5. g3 Nf6 6. Bg2 Nc6 7. O-O Be7 8. dxc5 Bxc5 9. a3 O-O 10. b4 Be7 11. Bb2 Be6 12. Nc3 Rc8 13. Rc1 Ne4 14. Nxe4 dxe4 15. Nd4 Nxd4 16. Qxd4 Qxd4 17. Bxd4 Rfd8 18. Bxa7 Rxc1 19. Rxc1 Ra8 20. Bc5 Bxc5 21. bxc5 Rxa3 22. Bxe4 Rb3 23. Kg2 Rb2 24. Bf3 g6 25. h3 Rb3 26. Rc2 Bf5 27. Rc1 Rb2 28. g4 Be6 29. Kg3 Rb3 30. c6 bxc6 31. Rxc6 Bd5 32. Rc8+ Kg7 33. e3 Bxf3 34. Kxf3 Rb2 35. Kg3 Rd2 36. f4 Re2 37. Re8 Kf6 38. Kf3 Rh2 39. Kg3 Re2 40. e4 Re3+ 41. Kg2 Re2+ 42. Kf3 Rh2 43. Kg3 Re2 44. e5+ Kg7 45. Re7 Re3+ 46. Kg2 Re2+ 47. Kf3 Re1 48. Rd7 Rf1+ 49. Kg2 Rxf4 50. Kg3 Re4 51. Rd5 Re3+ 52. Kg2 Kf8 53. Rd8+ Ke7 54. Rh8 Rxe5 55. Rxh7 Kf6 56. Rh8 Re3 57. Rc8 Rb3 58. Rc6+ Kg5 59. Rc8 Rb2+ 60. Kg3 Rb3+ 61. Kg2 Kh4 62. Rh8+ Kg5 63. Rc8 Re3 64. Rc7 Kf6 65. Rc6+ Kg5 66. Rc8 Kf6 67. Rc6+ 1/2-1/2

[Event "EUCC Open Blitz 2024"]
[Site "Miskolc"]
[Date "2024.07.13"]
[Round "3.15"]
[White "Farkas, Richard"]
[Black "Jellema, Pieter"]
[Result "1-0"]
[ECO "B13"]
[WhiteElo "2233"]
[BlackElo "2006"]
[PlyCount "59"]
[EventDate "2024.07.08"]
[EventType "team-tourn"]
[EventCountry "HUN"]
[TimeControl "1500+10"]

1. e4 c6 2. d4 d5 3. exd5 cxd5 4. Bd3 Nc6 5. c3 Nf6 6. Bg5 Bg4 7. Ne2 e6 8. Qc2 Bd6 9. Ng3 Rc8 10. f3 Bxg3+ 11. hxg3 Bf5 12. Bxf5 exf5 13. Qxf5 h6 14. Bxf6 Qxf6 15. Qxc8+ Nd8 16. Qg4 O-O 17. Kf2 Qb6 18. b3 Ne6 19. Rd1 Qc7 20. Qf5 Rd8 21. Qd3 h5 22. Nd2 h4 23. gxh4 Nf4 24. Qe3 Rd7 25. Re1 g6 26. Nf1 Kf8 27. Rad1 Kg8 28. Ng3 b5 29. Qe8+ Kh7 30. Qe5 1-0

[Event "EUCC Open Blitz 2024"]
[Site "Miskolc"]
[Date "2024.07.13"]
[Round "3.16"]
[White "Broersma, Sven"]
[Black "Bartok, David Dominik"]
[Result "1-0"]
[ECO "D35"]
[WhiteElo "1945"]
[BlackElo "1958"]
[PlyCount "67"]
[EventDate "2024.07.08"]
[EventType "team-tourn"]
[EventCountry "HUN"]
[TimeControl "1500+10"]

1. d4 d5 2. c4 e6 3. Nc3 Nf6 4. cxd5 exd5 5. Bg5 Be7 6. e3 c6 7. Bd3 Be6 8. Qc2 h6 9. Bh4 Nbd7 10. Nge2 O-O 11. O-O Re8 12. f3 Nf8 13. Rae1 a5 14. Nf4 N6d7 15. Bxe7 Qxe7 16. e4 Qd6 17. e5 Qe7 18. Nxe6 Nxe6 19. Qf2 b5 20. f4 b4 21. Ne2 c5 22. f5 Nxd4 23. Nxd4 cxd4 24. f6 Qf8 25. Qf5 g6 26. Qxd7 Rad8 27. Qa7 h5 28. Bxg6 Ra8 29. Qxd4 fxg6 30. e6 Rec8 31. f7+ Kh7 32. e7 Qg7 33. Qxg7+ Kxg7 34. e8=Q 1-0

[Event "EUCC Open Blitz 2024"]
[Site "Miskolc"]
[Date "2024.07.13"]
[Round "4.1"]
[White "Vardanyan, Aras"]
[Black "Manafov, Vugar"]
[Result "1/2-1/2"]
[ECO "A07"]
[WhiteElo "2312"]
[BlackElo "2430"]
[PlyCount "189"]
[EventDate "2024.07.08"]
[EventType "team-tourn"]
[EventCountry "HUN"]
[TimeControl "1500+10"]

1. Nf3 d5 2. g3 c6 3. Bg2 Bg4 4. c4 Bxf3 5. Bxf3 e6 6. O-O Nd7 7. Bg2 Ngf6 8. b3 a5 9. Bb2 Be7 10. d3 O-O 11. a3 Re8 12. Nd2 Bf8 13. Bc3 h6 14. b4 e5 15. cxd5 Nxd5 16. Qb3 Nxc3 17. Qxc3 Nf6 18. b5 cxb5 19. Bxb7 Rb8 20. Bg2 Qb6 21. Ne4 Nxe4 22. Bxe4 Rbc8 23. Qb2 Rc5 24. Rfc1 Rec8 25. Bf3 Qd6 26. Rxc5 Rxc5 27. Rb1 g6 28. h4 h5 29. Qd2 Qc7 30. Qe3 Kh7 31. Qe4 Rc1+ 32. Rxc1 Qxc1+ 33. Kg2 Qc5 34. Bxh5 Qxa3 35. Bf3 Qe7 36. h5 a4 37. hxg6+ fxg6 38. Qc6 a3 39. Be4 Qd6 40. Qxb5 a2 41. Qa4 Qa3 42. Qd7+ Qe7 43. Qa4 Qa3 44. Qe8 Qa6 45. Qd7+ Bg7 46. Qh3+ Bh6 47. Qd7+ Kh8 48. Qe8+ Kh7 49. Qf7+ Bg7 50. Bxg6+ Qxg6 51. Qxa2 Qc6+ 52. f3 Qc5 53. Qc4 Qd6 54. Qe4+ Kh8 55. f4 exf4 56. gxf4 Bf6 57. Qe8+ Kg7 58. Qe4 Qa3 59. Qb7+ Kh6 60. Qe4 Qc5 61. Qf3 Bh4 62. Kh3 Bf6 63. Kg2 Qc7 64. Qh3+ Kg6 65. Qg4+ Kh6 66. Qf5 Qg7+ 67. Kf3 Qe7 68. e4 Bd4 69. e5 Qh4 70. Ke4 Bf2 71. Qf8+ Kh7 72. Qf5+ Kh6 73. Qe6+ Kh7 74. Qf5+ Kh6 75. Qe6+ Kg7 76. Qd7+ Kf8 77. Qf5+ Ke8 78. Qe6+ Kd8 79. Qg8+ Kc7 80. Qg7+ Kb8 81. e6 Qh1+ 82. Kf5 Qd5+ 83. Qe5+ Qxe5+ 84. Kxe5 Kc7 85. f5 Bh4 86. f6 Bg3+ 87. Kf5 Kd6 88. e7 Kd7 89. Kg6 Ke8 90. d4 Bd6 91. f7+ Kxe7 92. Kg7 Ke6 93. f8=Q Bxf8+ 94. Kxf8 Kd5 95. Kf7 1/2-1/2